 Dungeon Crawl Stone Soup version 0.15.2 (webtiles) character file.

2 araganzar the Charmwright (level 1, 0/16 HPs)
             Began as a Demonspawn Skald on Jan 6, 2015.
             Slain by a jackal (3 damage)
             ... on Level 1 of the Dungeon.
             The game lasted 00:00:41 (31 turns).

araganzar the Charmwright (Demonspawn Skald)          Turns: 31, Time: 00:00:41

HP   0/16        AC  3     Str 12      XL: 1   Next: 25%
MP   1/3         EV 10     Int 13      God:
Gold 0           SH  0     Dex 12      Spells:  1 memorised,  3 levels left

rFire  . . .     SeeInvis .     a - +0 spear
rCold  . . .     Clarity  .     b - +0 leather armour
rNeg   . . .     rCorr    .     (no shield)
rPois  .         rRot     .     (no helmet)
rElec  .         Spirit   .     (no cloak)
SustAb .         Warding  .     (no gloves)
rMut   .         Stasis   .     (no boots)
Gourm  .                        (no amulet)
MR     .....                    (no ring)
                                (no ring)

@: not resistant to hostile enchantments, very unstealthy
A: no striking features
a: no special abilities


You were on level 1 of the Dungeon.
You were not hungry.

You visited 1 branch of the dungeon, and saw 1 of its levels.


   Skills:
 + Level 2.0 Fighting
 + Level 2.0 Polearms
 - Level 0.8 Armour
 - Level 0.8 Dodging
 + Level 2.0 Spellcasting
 + Level 2.6 Charms


You had 3 spell levels left.
You knew the following spells:

 Your Spells              Type           Power        Failure   Level  Hunger
a - Infusion              Chrm           #.....       10%         1    ##.....


Dungeon Overview and Level Annotations

Branches:
Dungeon (1/15)

Altars:

Inventory:

Hand weapons
 a - a +0 spear (weapon)
Armour
 b - a +0 leather armour (worn)
Comestibles
 d - a bread ration
Books
 c - a book of Battle

   Spells                             Type                      Level
   *Infusion                          Charms                       1
   Shroud of Golubria                 Charms/Translocation         2
   Song of Slaying                    Charms                       2
   Spectral Weapon                    Hexes/Charms                 3
   Regeneration                       Charms/Necromancy            3

...# ... . ...
.#.. .. ..... #.
####...... #l##
##........ . #..#
#.....$.....
#@###......#...#
#h##.............
#..........#....
###%P..%P........
#....<....#..##
##.P...P..# .#
...............
..........#.....
...............


You could see a jackal and a giant newt.


Message History

You are too injured to fight recklessly!
You are too injured to fight recklessly!
You barely miss the jackal.
Your magical infusion is running out.
The jackal bites you.
* * * LOW HITPOINT WARNING * * *
You closely miss the jackal. The jackal misses you.
The jackal closely misses you.
Unknown command.
You barely miss the jackal. The jackal closely misses you.
Unknown command.
You closely miss the jackal. The jackal closely misses you.
The jackal closely misses you.
Unknown command.
You closely miss the jackal. The jackal closely misses you.
Unknown command.
You barely miss the jackal. The jackal closely misses you.
Unknown command.
You hit the jackal.
The jackal is heavily wounded.
You are no longer magically infusing your attacks.
The jackal barely misses you.
The jackal bites you but does no damage.
You barely miss the jackal.
The jackal is heavily wounded.
The jackal barely misses you.
Unknown command.
You hit the jackal.
You kill the jackal!
Your Polearms skill increases to level 2!
The jackal bites you but does no damage.
Unknown command.
Your leather armour prevents you from hitting the jackal.
The jackal closely misses you.
Unknown command.
You hit the jackal.
The jackal is heavily wounded.
The jackal bites you.
* * * LOW HITPOINT WARNING * * *
The jackal barely misses you.
You closely miss the jackal.
The jackal is heavily wounded.
The jackal closely misses you.
You closely miss the jackal.
The jackal is heavily wounded.
The jackal barely misses you.
A giant newt comes into view.
Unknown command.
You closely miss the jackal.
The jackal is heavily wounded.
The jackal barely misses you. The jackal closely misses you.
Unknown command.
You closely miss the jackal.
The jackal is moderately wounded.
The jackal bites you.
* * * LOW HITPOINT WARNING * * *
You closely miss the jackal.
The jackal is moderately wounded.
The jackal completely misses you. The jackal bites you.
* * * LOW HITPOINT WARNING * * *
Unknown command.
Unknown command.
You hit the jackal.
The jackal is severely wounded.
The jackal bites you but does no damage.
Unknown command.
You hit the jackal.
The jackal is almost dead.
The jackal bites you.
You die...

Action                   || total
-------------------------++-------
Melee: Spear             ||    21
 Cast: Infusion          ||     1

Vault maps used:
D:1:      dpeg_arrival_orchard

Notes
Turn   | Place    | Note
--------------------------------------------------------------
     0 | D:1      | araganzar, the Demonspawn Skald, began the quest for the Orb.
     0 | D:1      | Reached XP level 1. HP: 16/16 MP: 3/3
    22 | D:1      | Reached skill level 2 in Polearms
    29 | D:1      | HP: 3/16 [jackal (2)]
    31 | D:1      | Slain by a jackal

Vanquished Creatures
  A jackal (D:1)
  A bat (D:1)
2 creatures vanquished.
